AoeStats
← Lealcinho.23

Scandinavia

510944340Analyzed
1v1 RM · 9h ago on Oct 3, 2026· 49m 9s· 2 players
Game mode
Random Map
Map size
Tiny (2 player)
Population
200
Speed
Normal
Resources
Standard
Victory
Conquest
Starting age
Dark Age
Ending age
Imperial Age
RankedLock teamsTeams togetherTeam positionsShared explorationLock speedFull tech treeHidden civsTurbo modeCheats
Victory
Defeat
🇨🇱 Sicilians · Chile
721
+17
🇳🇴 Koreans · Norway
745
-17
Lealcinho.23
4:18 Loom
10:31 Feudal Age
16:39 Castle Age
15:17 Bloodlines
16:30 Double-Bit Axe
20:12 Horse Collar
24:23 Heavy Plow
26:56 Bow Saw
31:50 Imperial Age
30:33 Wheelbarrow
30:41 Gold Mining
30:49 Stone Mining
31:16 Forging
32:21 Cavalier
33:02 Husbandry
33:15 Hauberk
33:23 Scale Barding Armor
34:33 First Crusade
35:12 Elite Serjeant
36:59 Hand Cart
37:27 Iron Casting
38:08 Arson
38:19 Gambesons
42:45 Hoardings
42:36 Conscription
42:23 Squires
45:00 Gold Shaft Mining
45:05 Stone Shaft Mining
45:03 Crop Rotation
46:48 Blast Furnace
46:09 Chain Barding Armor
TowerMan
8:08 Loom
10:45 Feudal Age
11:40 Double-Bit Axe
11:36 Horse Collar
16:24 Castle Age
16:23 Town Watch
17:39 Wheelbarrow
17:43 Bow Saw
18:59 Fletching
19:10 Scale Mail Armor
20:43 Heavy Plow
22:13 Gold Mining
22:45 Pikeman
23:26 Squires
24:15 Masonry
27:16 Hand Cart
28:41 Ballistics
33:00 Imperial Age
31:04 Arson
32:02 Town Patrol
32:22 Forging
33:50 Bodkin Arrow
35:33 Chemistry
36:06 Chain Mail Armor
35:52 Bracer
36:40 Conscription
35:55 Halberdier
37:52 Plate Mail Armor
37:17 Stone Mining
38:29 Murder Holes
39:47 Iron Casting
42:23 Elite Fire Lancer
Connection lost

Rejoining the realm…

Still unreachable

The connection could not be restored.

Session expired

The server has moved on; the page needs a fresh start.